AoeStats
← Ugomez

Baltic

510580309Analyzed
2v2 RM · 9h ago on Oct 1, 2026· 19m 1s· 4 players
Game mode
Random Map
Map size
Medium (4 player)
Population
200
Speed
Normal
Resources
Standard
Victory
Conquest
Starting age
Dark Age
Ending age
Imperial Age
RankedLock teamsTeams togetherTeam positionsShared explorationLock speedFull tech treeHidden civsTurbo modeCheats
Victory
Defeat
🇪🇸 Spanish · Spain
745
+4
🇪🇸 Byzantines · Spain
721
+12
🇦🇷 Spanish · Argentina
475
-6
🇩🇿 Berbers · Algeria
347
-3
castilla_602
SlimDZ16
13:27 Feudal Age
18:05 Double-Bit Axe
Ugomez
11:33 Feudal Age
18:58 Castle Age
16:53 Fletching
16:51 Double-Bit Axe
Lima3
10:52 Feudal Age
11:44 Double-Bit Axe
13:06 Wheelbarrow
19:32 Castle Age
18:10 Scale Barding Armor
Connection lost

Rejoining the realm…

Still unreachable

The connection could not be restored.

Session expired

The server has moved on; the page needs a fresh start.